 Dungeon Crawl Stone Soup version 0.26-a0-835-g8259106e14 (webtiles) character file.

Game seed: 16773193725247659482

14 pablito the Insei (level 2, 0/18 HPs)
             Began as an Octopode Transmuter on Nov 17, 2020.
             Slain by a bat (1 damage)
             ... on level 1 of the Dungeon.
             The game lasted 00:01:18 (408 turns).

pablito the Insei (Octopode Transmuter)              Turns: 408, Time: 00:01:19

Health: 0/18       AC:  1    Str: 11    XL:     2   Next: 41%
Magic:  4/5        EV: 13    Int: 15    God:
Gold:   19         SH:  0    Dex: 12    Spells: 4/5 levels left

rFire    + . .     SeeInvis .     - Unarmed
rCold    x . .     Faith    .   (no shield)
rNeg     . . .     Spirit   .   (helmet restricted)
rPois    .         Reflect  .   (no amulet)
rElec    .         Harm     .   c - ring of fire
rCorr    .         Rampage  .   (no ring)
MR       .....                  (no ring)
Stlth    ++........             (no ring)
HPRegen  0.06/turn              (no ring)
MPRegen  0.09/turn              (no ring)
                                (no ring)
                                (no ring)

@: no status effects
A: almost no armour, stealthy swim, amphibious, 8 rings, constrict 8, tentacle
spike 1, camouflage 1, blink, screaming 1, strong 1, gelatinous body 1
a: Blink


You were on level 1 of the Dungeon.
You visited 1 branch of the dungeon, and saw 1 of its levels.

You collected 19 gold pieces.

Inventory:

Jewellery
 c - a ring of fire (left tentacle)
Scrolls
 a - a scroll of immolation {unknown}
 b - a scroll of fear {unknown}
Potions
 e - a potion of degeneration {unknown}


   Skills:
 + Level 1.1 Fighting
 + Level 2.0 Dodging
 + Level 3.5 Unarmed Combat
 + Level 2.1 Spellcasting
 + Level 2.0 Transmutations


You had 4 spell levels left.
You knew the following spells:

 Your Spells              Type           Power        Failure   Level
a - Beastly Appendage     Tmut           #.....       10%         1

Your spell library contained the following spells:

 Spells                   Type           Power        Failure   Level
 Wereblood                Tmut           #.......     14%         2
 Spider Form              Tmut/Pois      #.........   41%         3
 Ice Form                 Ice/Tmut       #.......     82%         4
 Blade Hands              Tmut           #.........   95%         5


Dungeon Overview and Level Annotations

Branches:
Dungeon (1/15)

Altars:


Innate Abilities, Weirdness & Mutations

You cannot wear most types of armour.
You are very stealthy in the water. (Stealth+)
You are amphibious.
You can wear up to eight rings at the same time.
You can use your tentacles to constrict eight enemies at once.
Your skin changes colour to match your surroundings (Stealth+).
Your rubbery body absorbs attacks. (AC +1, EV +1)
One of your tentacles bears a spike.
You can translocate small distances at will.
You occasionally shout uncontrollably at your foes.
Your muscles are strong. (Str +2)


Message History

* * * LOW HITPOINT WARNING * * *
You tentacle-slap the hobgoblin but do no damage.
Your grab misses the hobgoblin.
The hobgoblin is almost dead.
The hobgoblin barely misses you.
Okay, then.
You barely miss the hobgoblin. You grab the hobgoblin.
The hobgoblin is almost dead.
You constrict the hobgoblin.
You kill the hobgoblin!
The bat completely misses you.
You barely miss the bat. Your grab misses the bat.
The bat hits you but does no damage.
Your magical contamination has completely faded away.
It was a potion of mutation.
You feel extremely strange.
You feel jittery.
One of your lower tentacles grows a sharp spike.
You feel the urge to shout.
You feel stronger. The bat hits you.
You die...

#.#######...#
#.# #...# #.#
#...# #
#.##### ##.##
#.#.....# #.#
.##...#.#.#
#.#
#..........#
#..###.#b#.#
#. #...@.# #
......†)?#
#.........#
#####.....#
#.....#
......+
.......#
#.......#


You could see a bat.

Vanquished Creatures
  An ooze (D:1)
  2 bats (D:1)
  A goblin (D:1)
  3 hobgoblins (D:1)
  A rat (D:1)
8 creatures vanquished.

Notes
Turn   | Place    | Note
-------+----------+-------------------------------------------
     0 | D:1      | pablito the Octopode Transmuter began the quest for the
                  | Orb.
     0 | D:1      | Reached XP level 1. HP: 13/13 MP: 3/3
   334 | D:1      | Reached XP level 2. HP: 17/18 MP: 5/5
   408 | D:1      | Gained mutation: You can translocate small distances at
                  | will. [potion of mutation]
   408 | D:1      | Gained mutation: One of your tentacles bears a spike.
                  | [potion of mutation]
   408 | D:1      | Gained mutation: You occasionally shout uncontrollably at
                  | your foes. [potion of mutation]
   408 | D:1      | Gained mutation: Your muscles are strong. (Str +2) [potion
                  | of mutation]
   408 | D:1      | Slain by a bat

Illustrated notes

Levels and vault maps discovered:
D:1:      onia_arrival_mini_maze_b, layout_basic, serial_glass, glass_columns_a,
          glass_columns_a, minmay_vboxes

Action                   || total
-------------------------++-------
Melee: Unarmed           ||    32
       Constrict         ||     8
       Tentacles         ||     5
  Use: Potion            ||     1
Armor: Skin              ||     9
Dodge: Dodged            ||    35

Table legend: (Time is in decaauts)
 A = Elapsed time spent in this place.
 B = Non-inter-level travel time spent in this place.
 C = Inter-level travel time spent in this place.
 D = Time resting spent in this place.
 E = Time spent auto-exploring this place.
 F = Levels seen in this place.
 G = Mean time per level.
                   A        B        C        D        E       F      G
               +--------+--------+--------+--------+--------+-----+--------+
         Total |    406 |    406 |      0 |      0 |    299 |   1 |  406.0 |
       Dungeon |    406 |    406 |      0 |      0 |    299 |   1 |  406.0 |
               +--------+--------+--------+--------+--------+-----+--------+

Top non-repeatable levels by time:
     D:1: 406 daAuts
